 Dungeon Crawl Stone Soup version 0.30.0-10-gfe55d96785 (webtiles) character file.

Game seed: 13767089224094545766

541 browni3141 the Slasher (level 6, -2/45 (48) HPs)
             Began as a Demigod Reaver on May 14, 2023.
             Slain by a kobold brigand
             ... wielding a +0 club
              (18 damage)
             ... on level 6 of the Dungeon.
             The game lasted 00:12:50 (4140 turns).

browni3141 the Slasher (Demigod Reaver)             Turns: 4140, Time: 00:12:50

HP:   -2/45 (48)    AC:  4    Str: 13    XL:     6   Next: 76%
MP:   11/11         EV:  2    Int: 15    God:
Gold: 282           SH:  0    Dex: 20    Spells: 3/9 levels left

rFire   . . .        a - +0 falchion
rCold   . . .        (no shield)
rNeg    . . .        m - +0 leather armour
rPois   .            (no helmet)
rElec   .            (no cloak)
rCorr   .            (no gloves)
SInv    .            X - +0 pair of boots
Will    .....        (no amulet)
Stlth   ++           (no ring)
HPRegen 0.27/turn    (no ring)
MPRegen 0.12/turn

%: no passive effects
@: sleeping, drained, invisible
A: high MP 1, forlorn, divine attributes
a: no special abilities


You were on level 6 of the Dungeon.
You visited 1 branch of the dungeon, and saw 6 of its levels.

You collected 282 gold pieces.

Inventory:

Hand Weapons
 a - a +0 falchion (weapon)
 b - a +0 sling
Missiles
 J - 8 poisoned darts (quivered)
Armour
 m - a +0 leather armour (worn)
 n - the +1 helmet of the Fabulous God {rPois Dex+3 Slay-5}
   (You took it off Robin on level 2 of the Dungeon)

   Dex:       It affects your dexterity (+3).
   Slay:      It affects your accuracy & damage with ranged weapons and melee
   (-5).
   rPois:     It protects you from poison.
 W - a +0 ring mail
 X - a +0 pair of boots (worn)
Magical Staves
 g - a staff of conjuration
Jewellery
 k - a ring of flight
Wands
 V - a wand of flame (14)
Scrolls
 d - 3 scrolls of teleportation {unknown}
 f - 2 scrolls of blinking {unknown}
 o - a scroll of brand weapon {unknown}
 p - 7 scrolls of identify {unknown}
 r - 2 scrolls of poison {unknown}
 t - 2 scrolls of silence {unknown}
 U - a scroll of fog {unknown}
 Z - a scroll of immolation {unknown}
Potions
 c - a potion of curing {unknown}
 j - a potion of haste {unknown}
 l - a potion of brilliance {unknown}
 q - a potion of ambrosia {unknown}
 s - 2 potions of attraction {unknown}
 H - 4 potions of heal wounds
 L - 2 potions of lignification
 Y - 2 potions of magic {unknown}


   Skills:
 - Level 2.0 Fighting
 * Level 4.8 Long Blades
 - Level 1.0 Armour
 * Level 2.3 Dodging
 - Level 1.0 Stealth
 - Level 2.0 Spellcasting
 - Level 3.0 Conjurations
 - Level 2.0 Necromancy
 - Level 2.0 Translocations
 - Level 2.0 Ice Magic
 - Level 2.0 Evocations


You had 3 spell levels left.
You knew the following spells:

 Your Spells              Type           Power      Damage    Failure   Level
h - Hailstorm             Conj/Ice       9%         3d4       30%         3
m - Momentum Strike       Conj/Tloc      18%        3d8       16%         2
K - Kiss of Death         Conj/Necr      36%        2d8       10%         1

Your spell library contained the following spells:

 Spells                   Type           Power      Damage    Failure   Level
 Magic Dart               Conj           40%        1d5       9%          1
 Sandblast                Erth           2%         2d4       28%         1
 Sting                    Tmut/Pois      4%         1d3       28%         1
 Passwall                 Tmut/Erth      0%         N/A       38%         2
 Dazzling Flash           Conj/Hex       12%        N/A       41%         3
 Stone Arrow              Conj/Erth      12%        3d7       41%         3
 Volatile Blastmotes      Fire/Tloc      8%         2d10      50%         3
 Iskenderun's Mystic Bla  Conj/Tloc      9%         2d4       69%         4
 Summon Forest            Summ/Tloc      2%         N/A       99%         5
 Eringya's Noxious Bog    Tmut/Pois      0%         N/A       100%        6
 Starburst                Conj/Fire      3%         6d3       100%        6
 Summon Hydra             Summ           0%         N/A       100%        7


Dungeon Overview and Level Annotations

Branches:
Dungeon (5/15)
 Temple: D:4-7

Shops:
D:1 [


Innate Abilities, Weirdness & Mutations

You have an increased reservoir of magic. (+10% MP)
You shall have no god before yourself.
Your divine heritage dramatically boosts your attributes as you level up.


Message History

You climb downwards.
A sourceless malevolence fills the Dungeon...
You fall into a shaft and drop 1 floor!
The shaft crumbles and collapses.
A sleepcap comes into view.
A kobold brigand and 2 kobolds come into view.
The kobold brigand is wielding a +0 club and quivering poisoned darts.
The kobold shouts! x2
Throw: 10 darts (poison)
Press: ? - help, Q - select action, (/) - cycle Shift-Dir - straight line, f - kobold brigand
Aim: a kobold brigand, wielding a +0 club and quivering poisoned darts (wandering, hasn't noticed you, 56% to hit)
You throw a poisoned dart.
The poisoned dart hits the kobold brigand.
The kobold brigand is poisoned.
The kobold brigand shouts!
The kobold brigand throws a poisoned dart.
The poisoned dart hits you!
You are poisoned.
The kobold throws a stone.
The stone closely misses you.
Throw: 9 darts (poison)
Press: ? - help, Q - select action, (/) - cycle Shift-Dir - straight line, f/p - kobold brigand
Aim: a kobold brigand, wielding a +0 club and quivering poisoned darts (lightly wounded, poisoned, 56% to hit)
You throw a poisoned dart.
The poisoned dart closely misses the kobold brigand.
You feel very sick.
An ice beast comes into view.
There are monsters nearby!
Unknown command.
Okay, then.
You feel sick.
You feel sick.
The kobold throws a stone.
The stone hits you but does no damage.
You feel sick.
The kobold throws a stone.
The stone closely misses you.
You feel sick.
The kobold throws a stone.
The stone hits you but does no damage.
You feel sick.
You feel sick.
You feel sick.
You are no longer poisoned.
You closely miss the kobold brigand.
The kobold brigand is heavily wounded.
The kobold brigand looks more healthy.
The kobold brigand hits you but does no damage.
You slash the kobold brigand!
The kobold brigand is severely wounded.
The ice beast attacks as you move away!
The ice beast hits you but does no damage.
The kobold brigand hits you with a +0 club.
The kobold brigand attacks as you move away!
The kobold brigand hits you with a +0 club.
You hit the kobold brigand but do no damage.
The kobold brigand is severely wounded.
The kobold brigand hits you but does no damage.
You hit the kobold brigand. Your punch misses the kobold brigand.
The kobold brigand is severely wounded.
The kobold brigand barely misses you.
You fade into invisibility!
The kobold brigand closely misses you.
You closely miss the kobold brigand.
The kobold brigand is severely wounded.
The kobold brigand closely misses you.
You slash the sleepcap!
The sleepcap is heavily damaged.
The kobold brigand closely misses you.
You hit the sleepcap but do no damage.
The sleepcap is heavily damaged.
The kobold brigand hits you but does no damage.
The sleepcap releases spores at you.
* * * LOW HITPOINT WARNING * * *
You are engulfed in a cloud of soporific spores!
You fall asleep.
You wake up.
You hit the sleepcap.
The sleepcap is severely damaged.
The kobold brigand closely misses you. The sleepcap misses you.
You hit the sleepcap but do no damage.
The sleepcap is severely damaged.
The kobold brigand misses you. The sleepcap closely misses you.
You hit the sleepcap but do no damage. You punch the sleepcap.
The sleepcap is severely damaged.
The kobold brigand hits you but does no damage.
The sleepcap completely misses you.
You hit the sleepcap.
The sleepcap is severely damaged.
The kobold brigand closely misses you. The sleepcap releases spores at you.
* * * LOW HITPOINT WARNING * * *
The kobold throws a stone.
The stone closely misses the kobold brigand.
The stone closely misses you.
The kobold throws a stone.
The stone misses the kobold brigand.
The stone closely misses you. The sleepcap barely misses you.
The kobold brigand hits you but does no damage.
You hit the sleepcap.
The sleepcap is almost destroyed.
The kobold brigand closely misses you. The sleepcap releases spores at you.
* * * LOW HITPOINT WARNING * * *
You are engulfed in a cloud of soporific spores!
You fall asleep.
The kobold brigand hits you with a +0 club!!
You die...

.........# .
...$.....# #.
#........ ..
........
#.##.#...#
.......# #
.##.#####.#.#.#..#
......f@KY.......#
##.###.####.#.#..#
..........#
.....###.K..#
#...... ..Y..#
#.#.#!. K#....# #
.....(....... ##
#.#. #..###. (.
#Y.. ..


You could see an ice beast (unable to see you), a kobold brigand (unable to see
you) and a sleepcap (unable to see you).

Vanquished Creatures
  Sigmund (D:3)
  A scorpion (D:3)
  A jelly (D:2)
  Robin (D:2)
  9 adders
  8 gnolls
  An ufetubus (D:4)
  A worm (D:3)
  4 dart slugs
  2 orcs
  6 ball pythons
  6 endoplasms
  2 giant cockroaches (D:1)
  18 goblins
  17 hobgoblins
  2 jackals (D:2)
  3 quokkas
  9 kobolds
  4 rats
96 creatures vanquished.

Notes
Turn   | Place    | Note
-------+----------+-------------------------------------------
     0 | D:1      | browni3141 the Demigod Reaver began the quest for the Orb.
     0 | D:1      | Reached XP level 1. HP: 17/17 MP: 5/5
    63 | D:1      | Found Roasm's Antique Armour Shop.
   225 | D:2      | Reached XP level 2. HP: 19/24 MP: 7/7
   410 | D:2      | Reached skill level 3 in Long Blades
   432 | D:2      | Reached skill level 3 in Conjurations
   614 | D:2      | Reached XP level 3. HP: 13/28 MP: 8/8
   766 | D:2      | Identified the +1 helmet of the Fabulous God {rPois Dex+3
                  | Slay-5}
   766 | D:2      | Noticed Robin
   826 | D:2      | Killed Robin
   850 | D:2      | Learned a level 2 spell: Momentum Strike
   854 | D:2      | Learned a level 3 spell: Hailstorm
  1244 | D:2      | Reached XP level 4. HP: 25/36 MP: 9/9
  1655 | D:3      | Noticed Sigmund
  1833 | D:3      | Noticed an earth elemental
  1836 | D:3      | Noticed a fire elemental
  1840 | D:3      | Noticed a water elemental
  1840 | D:3      | Noticed an air elemental
  1946 | D:3      | Reached XP level 5. HP: 29/41 MP: 10/10
  2320 | D:1      | Reached skill level 4 in Long Blades
  2333 | D:1      | Got Ecilyinuha's Practicing Thaumaturgy
  3090 | D:3      | Killed Sigmund
  3091 | D:3      | Reached XP level 6. HP: 34/48 MP: 3/11
  4107 | D:5      | Entered Level 5 of the Dungeon
  4107 | D:5      | You fall into a shaft and drop 1 floor!
  4140 | D:6      | Slain by a kobold brigand

Illustrated notes

Levels and vault maps discovered:
D:1:      saegor_arrival_miasma, layout_basic, serial_shops,
          nicolae_shop_peninsula
D:2:      layout_loops_ring, uniq_robin
D:3:      layout_basic, nicolae_qazlal_style_of_elements,
          ebering_ecumenical_altar_webs, uniq_sigmund
D:4:      layout_rooms
D:5:      layout_basic, lemuel_doored_altar, mainiacjoe_overflow_brackets,
          mainiacjoe_overflow_six_doors_small, minmay_temple_entry_hall,
          serial_curves, eino_curves_04, eino_curves_04, serial_shops, shop
D:6:      layout_basic, kennysheep_pointless_box

Skill      XL: |  1  2  3  4  5  6 |
---------------+-------------------+-----
Long Blades    | 3 4 |  4.8
Dodging        | 2 |  2.3
Stealth        | 1 |  1.0
Spellcasting   | 2 |  2.0
Fighting       | 2 |  2.0
Conjurations   | 3 |  3.0
Armour         | 1 |  1.0
Necromancy     | 1 2 |  2.0
Translocations | 1 2 |  2.0
Ice Magic      | 1 2 |  2.0
Evocations     | 1 2 |  2.0

Action                     |  1- 3 |  4- 6 || total
---------------------------+-------+-------++-------
  Melee: Falchion          |   132 |   210 ||   342
         Punch             |       |     3 ||     3
  Throw: Dart              |       |     2 ||     2
   Cast: Kiss of Death     |     1 |     2 ||     3
         Momentum Strike   |       |    12 ||    12
         Hailstorm         |       |     4 ||     4
  Evoke: Wand              |       |    16 ||    16
    Use: Potion            |       |     4 ||     4
   Stab: Sleeping          |     1 |     4 ||     5
 Armour: Leather armour    |    29 |    56 ||    85
         Skin              |       |     7 ||     7
  Dodge: Dodged            |    92 |   168 ||   260
